 Dungeon Crawl Stone Soup version 0.30-a0-4-ga7cffc901d (webtiles) character file.

Game seed: 119168806011605545

72 Setbun the Cutter (level 4, -4/26 HPs)
             Began as a Kobold Brigand on Aug 21, 2022.
             Constricted to death by Natasha (6 damage)
             ... on level 3 of the Dungeon.
             The game lasted 00:01:01 (1876 turns).

Setbun the Cutter (Kobold Brigand)                  Turns: 1876, Time: 00:01:01

Health: -4/26      AC:  3    Str:  8    XL:     4   Next: 50%
Magic:  4/4        EV: 11    Int: 12    God:
Gold:   104        SH:  0    Dex: 18    Spells: 3/3 levels left

rFire   . . .      SeeInvis .    a - +2 dagger
rCold   . . .      Faith    .    (no shield)
rNeg    + . .      Spirit   .    b - +0 robe
rPois   .          Reflect  .    (no helmet)
rElec   .          Harm     .    c - +0 cloak
rCorr   .          Rampage  .    (no gloves)
Will    .....                    (no boots)
Stlth   ++++......               (no amulet)
HPRegen 0.08/turn                l - ring of positive energy
MPRegen 0.09/turn                (no ring)

@: grasped by roots, slowed, constricted, very slow
A: small, no large weapons, nightstalker 3
a: no special abilities


You were on level 3 of the Dungeon.
You visited 1 branch of the dungeon, and saw 3 of its levels.

You collected 104 gold pieces.

Inventory:

Hand Weapons
 a - a +2 dagger (weapon)
Missiles
 d - 9 poisoned darts (quivered)
 e - 3 curare-tipped darts
Armour
 b - a +0 robe (worn)
 c - a +0 cloak (worn)
Jewellery
 l - a ring of positive energy (left hand)
 n - a +6 ring of strength
Wands
 t - a wand of roots (10)
Scrolls
 f - 5 scrolls of identify {unknown}
 g - a scroll of poison {unknown}
 j - 3 scrolls of fear {unknown}
 m - a scroll of noise {unknown}
 s - a scroll of fog {unknown}
Potions
 i - a potion of degeneration {unknown}
 k - 2 potions of curing {unknown}
 o - a potion of flight {unknown}
 p - a potion of brilliance {unknown}
 q - a potion of berserk rage {unknown}
 r - 2 potions of might {unknown}


   Skills:
 - Level 2.1 Fighting
 + Level 5.9 Short Blades
 - Level 2.1 Throwing
 - Level 1.2 Dodging
 - Level 5.3 Stealth


You had 3 spell levels left.
You didn't know any spells.
Your spell library contained the following spells:

 Spells                   Type           Power      Damage    Failure   Level
 Foxfire                  Conj/Fire      0%         2x1d4     32%         1
 Conjure Flame            Conj/Fire      0%         6-21      69%         3
 Inner Flame              Hex/Fire       0%         N/A       69%         3
 Flame Wave               Conj/Fire      0%         2d4       97%         4


Dungeon Overview and Level Annotations

Branches:
Dungeon (3/15)

Altars:
Qazlal

Annotations:
D:3 Natasha


Innate Abilities, Weirdness & Mutations

You are small and have problems with some larger weapons.
You are completely attuned to the shadows.


Message History

You feel yourself slow down.
The helpless frilled lizard fails to defend itself.
You stick the frilled lizard like a pincushion!!!
You kill the frilled lizard!
Natasha casts a spell at you. The magic dart hits you!
Natasha zaps a wand.
The roots erupt in riotous growth!
The grasping roots grab you!
Natasha is unaffected.
The grasping roots constrict you.
You hear an angry hiss.
You hear a shout! x4
You are too injured to fight recklessly!
You are too injured to fight recklessly!
You are too injured to fight recklessly!
You are too injured to fight recklessly!
Natasha is nearby!
Natasha is nearby!
It was a potion of heal wounds.
You feel much better.
Natasha stares at you and mumbles some strange words.
You resist with some effort. The grasping roots constrict you.
Natasha closely misses you. The grasping roots constrict you.
The grasping roots release their grip on you.
You hit Natasha.
Natasha is lightly wounded.
Natasha zaps a wand.
The roots erupt in riotous growth!
The grasping roots grab you!
Natasha is unaffected.
The grasping roots constrict you.
You hear a shout!
You barely miss Natasha.
Natasha is lightly wounded.
Natasha claws you. The grasping roots constrict you.
You hit Natasha.
Natasha is heavily wounded.
Natasha closely misses you. The grasping roots constrict you!
* * * LOW HITPOINT WARNING * * *
You closely miss Natasha.
Natasha is heavily wounded.
Natasha claws you.
* * * LOW HITPOINT WARNING * * *
The grasping roots constrict you.
You die...

.....#...........
.........###.....
.........###.....
.............####
.....###.#..#########
.....<..............#
.#..................#
....................#
.#....@h...#...######
#.......#...........
#.........#...#.....
#...................
.............#.......
....#........
#........ #........
##.......


You could see Natasha.

Vanquished Creatures
  Natasha (D:3)
  2 adders
  2 endoplasms
  2 giant cockroaches (D:2)
  3 goblins
  6 hobgoblins
  A quokka (D:2)
  2 ball pythons
  2 bats (D:1)
  5 frilled lizards
  3 kobolds
  A rat (D:1)
30 creatures vanquished.

Notes
Turn   | Place    | Note
-------+----------+-------------------------------------------
     0 | D:1      | Setbun the Kobold Brigand began the quest for the Orb.
     0 | D:1      | Reached XP level 1. HP: 12/12 MP: 1/1
   280 | D:1      | Reached XP level 2. HP: 17/17 MP: 2/2
   935 | D:2      | Reached XP level 3. HP: 21/21 MP: 3/3
  1338 | D:2      | Found a stormy altar of Qazlal.
  1453 | D:2      | Reached skill level 5 in Short Blades
  1583 | D:2      | Found a faded altar of an unknown god.
  1859 | D:3      | Noticed Natasha
  1863 | D:3      | Killed Natasha
  1864 | D:3      | Reached XP level 4. HP: 26/26 MP: 4/4
  1868 | D:3      | Noticed Natasha
  1876 | D:3      | Constricted to death by Natasha

Illustrated notes

Levels and vault maps discovered:
D:1:      sevenhm_arrival_forest_fort_small_6, layout_loops_ring,
          minmay_misc_feat_nine_boxes
D:2:      layout_loops_ring, shapermc_ecumenical_altar_ellora, basic_altar
D:3:      layout_rooms, uniq_crazy_yiuf_cottage, uniq_natasha, uniq_grinder

Skill      XL: |  1  2  3 |
---------------+----------+-----
Short Blades   | 3 4 5 |  5.9
Fighting       | |  2.1
Throwing       | |  2.1
Dodging        | |  1.2
Stealth        | |  5.3

Action                   |  1- 3 |  4- 6 || total
-------------------------+-------+-------++-------
Melee: Dagger            |    50 |     5 ||    55
  Use: Potion            |       |     1 ||     1
 Stab: Sleeping          |    19 |     1 ||    20
Armor: Robe              |     5 |       ||     5
Dodge: Dodged            |    16 |     2 ||    18

Table legend: (Time is in decaauts)
 A = Elapsed time spent in this place.
 B = Non-inter-level travel time spent in this place.
 C = Inter-level travel time spent in this place.
 D = Time resting spent in this place.
 E = Time spent auto-exploring this place.
 F = Levels seen in this place.
 G = Mean time per level.
                   A        B        C        D        E       F      G
               +--------+--------+--------+--------+--------+-----+--------+
         Total |   1866 |   1836 |     30 |      0 |   1658 |   3 |  622.0 |
       Dungeon |   1866 |   1836 |     30 |      0 |   1658 |   3 |  622.0 |
               +--------+--------+--------+--------+--------+-----+--------+

Top non-repeatable levels by time:
     D:2: 940 daAuts
     D:1: 873 daAuts
     D:3: 53 daAuts
